 Dungeon Crawl Stone Soup version 0.31-a0-986-g5e6e4ef867 (webtiles) character file.

Game seed: 3698322085681797132

21881 Xavori the Nimble (level 13, -4/94 HPs)
             Began as a Djinni Chaos Knight on Nov 10, 2023.
             Was a Plaything of Xom.
             Slain by a blink frog (21 damage)
             ... while paralysed by you
             ... on level 3 of the Lair of Beasts.
             The game lasted 00:23:52 (19870 turns).

Xavori the Nimble (Djinni Chaos Knight)            Turns: 19870, Time: 00:23:53

Health: -4/94      AC: 13    Str: 15    XL:     13   Next: 23%
Gold:   495        EV:  2    Int: 13    God:    Xom [......] SH:  0 Dex: 17

rFire   + + .        F - +3 long sword (holy)
rCold   x . .        k - +0 buckler {AC+3}
rNeg    + . .        I - +0 acid dragon scales
rPois   ∞            t - +2 hat
rElec   .            (no cloak)
rCorr   +            (no gloves)
SInv    .            (boots unavailable)
Will    +....        m - amulet of regeneration
Stlth   +            a - ring of positive energy
HPRegen 1.15/turn    (no ring)
MPRegen 0.00/turn

%: infuse magic (-5 HP)
@: paralysed, mighty, flying, hasted
A: sickness immunity, fire resistance 2, cold vulnerability 1, float, innate
caster, HP casting, extra vitality 1, fangs 1, screaming 1, strong 1, MP-powered
wands
a: Renounce Religion


You were on level 3 of the Lair of Beasts.
You worshipped Xom.
You were a very special plaything of Xom.
You visited 2 branches of the dungeon, and saw 13 of its levels.
You also visited: Ossuary.

You collected 857 gold pieces.
You spent 362 gold pieces at shops.

Inventory:

Hand Weapons
 r - a +2 falchion of protection
 F - a +3 long sword of holy wrath (weapon)
Missiles
 y - 2 throwing nets
Armour
 k - a +0 buckler of protection (worn)
 l - a +0 pair of gloves
 p - +0 gold dragon scales
 t - a +2 hat (worn)
 I - +0 acid dragon scales (worn)
 L - a +0 pair of gloves
Jewellery
 a - a ring of positive energy (left hand)
 m - an amulet of regeneration (around neck)
 M - a +6 ring of strength
Wands
 E - a wand of paralysis (16)
 G - a wand of digging (5)
 H - a wand of polymorph (7)
 K - a wand of mindburst (3)
Scrolls
 b - a scroll of fog
 c - a scroll of butterflies
 d - 2 scrolls of fear
 e - 6 scrolls of immolation
 h - 2 scrolls of enchant weapon {unknown}
 n - 2 scrolls of enchant armour
 q - 2 scrolls of blinking {unknown}
 s - 5 scrolls of teleportation
 v - 2 scrolls of poison {unknown}
 x - a scroll of revelation {unknown}
 J - a scroll of vulnerability
Potions
 f - 5 potions of heal wounds {unknown}
 g - 5 potions of curing
 i - 3 potions of brilliance {unknown}
 j - a potion of ambrosia {unknown}
 o - a potion of haste
 u - 3 potions of mutation {unknown}
 w - 3 potions of cancellation
 z - 2 potions of magic {unknown}
 A - 2 potions of might
 B - 2 potions of degeneration {unknown}
 C - 2 potions of lignification {unknown}
 D - a potion of enlightenment {unknown}


   Skills:
 + Level 8.9 Fighting
 + Level 8.1 Long Blades
 + Level 8.3 Armour
 + Level 9.4 Dodging
 - Level 6.5 Shields
 * Level 8.1 Spellcasting
 * Level 8.1 Conjurations
 * Level 8.1 Hexes
   Level 0.0 Charms
 * Level 8.1 Summonings
 * Level 8.1 Necromancy
 * Level 8.1 Translocations
 * Level 8.1 Transmutations
 * Level 8.1 Fire Magic
 * Level 8.1 Ice Magic
 * Level 8.1 Air Magic
 * Level 8.1 Earth Magic
 * Level 8.1 Poison Magic
 - Level 4.4 Evocations


You knew the following spells:

 Your Spells              Type           Power      Damage    Failure   Level
a - Foxfire               Conj/Fire      100%       2x1d9     1%          1
b - Blink                 Tloc           52%        N/A       1%          2
c - Call Canine Familiar  Summ           26%        N/A       2%          3
d - Swiftness             Air            26%        N/A       2%          3
e - Summon Ice Beast      Ice/Summ       26%        N/A       8%          4
f - Iskenderun's Battles  Conj           26%        2d8       22%         5
Your spell library was empty.

Dungeon Overview and Level Annotations

Branches:
Dungeon (10/15)            Temple (0/1) D:7            Lair (3/5) D:8
  Swamp (0/4) Lair:2      Ossuary (visited)
  Snake: Lair:2-3    Spider: Lair:2-3       Orc: D:9-12

Altars:
Ashenzari
Cheibriados
Dithmenos
Elyvilon
Fedhas
Gozag
Hepliaklqana
Makhleb
Nemelex Xobeh
Okawaru
Qazlal
Ru
Trog
Uskayaw
Wu Jian
Xom
Yredelemnul
Zin
The Shining One

Shops:
D:5 [!   D:7 **


Innate Abilities, Weirdness & Mutations

You are immune to sickness and miasma.
You are immune to poison.
Your flesh is very heat resistant. (rF++)
You are vulnerable to cold. (rC-)
You float through the air rather than walking.
You learn spells naturally, not from books.
Your magical power is your life essence.
You have superior vitality. (+4 MHP)
You have very sharp teeth.
You occasionally shout uncontrollably at your foes.
Your muscles are strong. (Str +4, Int/Dex -1)
You expend health (3 HP) to strengthen your wands.


Message History

You slash the blink frog!
The blink frog is almost dead.
You are engulfed in seething chaos.
You suddenly lose the ability to move!
The blink frog is engulfed in seething chaos.
The blink frog seems to slow down.
The blink frog hits you but does no damage.
The blink frog is engulfed in seething chaos.
The blink frog goes berserk!
The blink frog hits you.
The blink frog is engulfed in seething chaos.
The blink frog suddenly seems more agile.
The blink frog hits you.
The blink frog is engulfed in seething chaos.
The blink frog seems to slow down.
The blink frog hits you!
You are engulfed in seething chaos.
The blink frog is no longer moving slowly. x2
The blink frog is engulfed in seething chaos.
The blink frog hits you but does no damage.
The blink frog is engulfed in seething chaos.
The blink frog hits you but does no damage.
You are engulfed in seething chaos.
You feel yourself speed up.
The blink frog is engulfed in seething chaos.
The blink frog hits you!
The blink frog is engulfed in seething chaos.
The blink frog hits you!
The blink frog is engulfed in seething chaos.
The blink frog seems to grow stronger.
The blink frog hits you!
* * * LOW HITPOINT WARNING * * *
The blink frog blinks!
The blink frog is engulfed in seething chaos.
The blink frog hits you but does no damage.
You are engulfed in seething chaos.
The blink frog is engulfed in seething chaos.
The blink frog barely misses you.
The blink frog is engulfed in seething chaos.
The blink frog hits you!
* * * LOW HITPOINT WARNING * * *
The blink frog is engulfed in seething chaos.
The blink frog hits you!!
You die...
Xom snickers!

................
................
#..=...........
#..............
#..............
#..............
#......†....###
#.#....§........#
........@.......+
........FF§.....P
.#.#....§.§§....P
# ##....#......P
##....#.###P.
#......... .
##.........
#.......###
........#


You could see 2 blink frogs.

Vanquished Creatures
  Harold (Lair:2)
  A hydra (Lair:2)
  The ghost of DoNotCum the Thaumaturge, a journeyman DECj of Vehumet (D:9)
  A swamp dragon (Lair:2)
  Pikel (D:4)
  Joseph (D:7)
  An elephant (D:8)
  A torpor snail (Lair:2)
  A black mamba (Lair:2)
  3 cane toads
  Jeremiah (D:8)
  Maggie (D:9)
  A komodo dragon (Lair:2)
  3 trolls
  A hornet (D:10)
  A blink frog (Lair:3)
  Prince Ribbit (D:8)
  A jumping spider (Lair:1)
  A wyvern (D:8)
  41 yaks
  A steam dragon (D:10)
  2 basilisks (D:8)
  A human (D:9)
  A naga (D:5)
  2 vampire mosquitoes (D:9)
  An acid dragon (D:8)
  4 water moccasins
  2 orc warriors
  Duvessa (D:7)
  2 black bears
  A swamp drake (Lair:2)
  2 ice beasts
  A centaur (D:9)
  3 ogres
  8 wolves
  A phantom (D:6)
  8 bullfrogs
  A scorpion (D:4)
  10 wights
  Dowan (D:7)
  5 killer bees (D:9)
  2 howler monkeys (D:7)
  2 electric eels
  A cerulean imp (D:4)
  A jelly (D:7)
  A human zombie (Ossuary)
  4 hounds
  2 orc priests (D:5)
  An iron imp (D:9)
  A gnoll bouda (D:7)
  2 iguanas (D:5)
  7 orc wizards
  7 hell rats (Lair:1)
  A hound zombie (Ossuary)
  3 mummies (Ossuary)
  5 gnolls
  6 adders
  2 shadow imps
  A white imp (D:8)
  An ufetubus (D:5)
  An adder zombie (Ossuary)
  A worm (D:2)
  3 dart slugs
  13 orcs
  8 ball pythons
  5 bats
  4 endoplasms
  5 giant cockroaches
  6 goblins
  2 hobgoblins (D:1)
  6 jackals
  6 kobolds
  5 quokkas
  2 frilled lizards (D:2)
  8 rats
247 creatures vanquished.

Vanquished Creatures (collateral kills)
  A two-headed ogre (D:9)
  A cane toad (Lair:1)
  2 komodo dragons
  A blink frog (Lair:3)
  4 yaks
  A wyvern (Lair:2)
  Grum (D:8)
  A basilisk (Lair:1)
  A water moccasin (D:6)
  3 orc warriors (D:9)
  3 human zombies (Ossuary)
  2 orc priests (D:9)
  A sleepcap (D:5)
  A mummy (Ossuary)
  3 gnolls
  An ufetubus (D:5)
  5 orcs
  2 jackals (D:5)
  A hobgoblin zombie (Ossuary)
  2 jackal zombies (Ossuary)
  An orc zombie (Ossuary)
  2 rat zombies (Ossuary)
40 creatures vanquished.

Vanquished Creatures (others)
  A goblin zombie (D:3)
1 creature vanquished.

Grand Total: 288 creatures vanquished

Notes
Turn   | Place    | Note
-------+----------+-------------------------------------------
     0 | D:1      | Xavori the Djinni Chaos Knight began the quest for the Orb.
     0 | D:1      | Reached XP level 1. HP: 20/20 MP: 0/0
    92 | D:1      | Reached XP level 2. HP: 18/25 MP: 0/0
   140 | D:1      | XOM: blink monster(s)
   214 | D:1      | Reached XP level 3. HP: 30/30 MP: 0/0
   214 | D:1      | Learned a level 1 spell: Foxfire
   860 | D:1      | XOM: scenery: summon butterflies
  2069 | D:1      | XOM: god gift: scroll labelled LUCVYX QOTHRIO {god gift}
  2139 | D:1      | XOM: divination: detect items
  2502 | D:1      | XOM: cloud trail
  2614 | D:1      | XOM: silly message
  2790 | D:1      | XOM: torment (16/30 hp)
  2893 | D:1      | XOM: summons 2 hostile demons
  2894 | D:1      | Noticed a ynoxinul
  3933 | D:1      | XOM: draining
  5368 | D:1      | XOM: cloud trail
  5732 | D:1      | XOM: divination: magic mapping
  5963 | D:1      | XOM: scenery: create altars
  6029 | D:1      | XOM: cloud trail
  7261 | D:1      | XOM: cloud trail
  7319 | D:1      | XOM is BORED!
  7802 | D:1      | XOM: cloud trail
  8677 | D:1      | XOM: noise
  9170 | D:1      | XOM: silly message
  9190 | D:1      | XOM: give mutation
  9190 | D:1      | Gained mutation: You expend health (3 HP) to strengthen
                  | your wands. [Xom's grace]
  9217 | D:2      | Reached skill level 1 in Spellcasting
  9217 | D:2      | Reached skill level 1 in Conjurations
  9217 | D:2      | Reached skill level 1 in Hexes
  9217 | D:2      | Reached skill level 1 in Summonings
  9217 | D:2      | Reached skill level 1 in Necromancy
  9217 | D:2      | Reached skill level 1 in Translocations
  9217 | D:2      | Reached skill level 1 in Transmutations
  9217 | D:2      | Reached skill level 1 in Fire Magic
  9217 | D:2      | Reached skill level 1 in Ice Magic
  9217 | D:2      | Reached skill level 1 in Air Magic
  9217 | D:2      | Reached skill level 1 in Earth Magic
  9217 | D:2      | Reached skill level 1 in Poison Magic
  9234 | D:2      | Reached XP level 4. HP: 24/32 MP: 0/0
  9359 | D:2      | XOM: god gift: spear {god gift}
  9368 | D:2      | XOM: divination: detect items
  9460 | D:2      | XOM: god gift: scroll labelled VIZUOREHEIG {god gift}
  9596 | D:2      | XOM: confusion (+ monsters)
  9691 | D:2      | XOM: give mutations
  9691 | D:2      | Gained mutation: Your muscles are strong. (Str +4, Int/Dex
                  | -1) [Xom's mischief]
  9691 | D:2      | Gained mutation: You occasionally shout uncontrollably at
                  | your foes. [Xom's mischief]
  9907 | D:3      | XOM: divination: magic mapping
  9928 | D:3      | Reached XP level 5. HP: 31/40 MP: 0/0
  9928 | D:3      | Learned a level 2 spell: Blink
  9936 | D:3      | Reached skill level 3 in Dodging
 10250 | D:3      | XOM: summons 3 hostile demons
 10571 | D:3      | Identified 2 scrolls of acquirement
 10571 | D:3      | Acquired a +2 hat
 10578 | D:3      | Identified the "Dobrusam" (You acquired it on level 3 of
                  | the Dungeon)
 10578 | D:3      | Acquired a +0 buckler of protection
 10706 | D:4      | XOM: 4-stop teleportation journey
 10727 | D:4      | Reached XP level 6. HP: 47/47 MP: 0/0
 10848 | D:4      | Found a sparkling altar of Nemelex Xobeh.
 10897 | D:4      | Noticed Pikel
 10903 | D:4      | XOM: destruction
 10915 | D:4      | XOM: fog
 10922 | D:4      | XOM: 9-stop teleportation journey
 10932 | D:4      | Noticed an ogre
 10934 | D:4      | XOM: scenery: summon butterflies
 10939 | D:4      | Killed an ogre
 10980 | D:4      | XOM: polymorph lemure -> cerulean imp
 10990 | D:4      | XOM: 3-stop teleportation journey
 11004 | D:4      | XOM: torment (24/47 hp)
 11020 | D:4      | Killed Pikel
 11021 | D:4      | Reached skill level 4 in Dodging
 11021 | D:4      | Reached XP level 7. HP: 32/53 MP: 0/0
 11021 | D:4      | Learned a level 3 spell: Call Canine Familiar
 11021 | D:4      | Reached XP level 8. HP: 36/58 MP: 0/0
 11023 | D:4      | XOM: confusion
 11152 | D:4      | Found a glowing golden altar of the Shining One.
 11175 | D:4      | Found a basalt altar of Yredelemnul.
 11177 | D:4      | Noticed a profane servitor
 11268 | D:4      | XOM: summons 4 hostile shadow creatures
 11380 | D:5      | Entered Level 5 of the Dungeon
 11449 | D:5      | XOM: polymorph scorpion -> naga
 11450 | D:5      | Found Semuqir's Armour Shop.
 11544 | D:5      | Found a sand-covered staircase.
 11552 | Ossuary  | Entered an ossuary
 11581 | Ossuary  | XOM: summons friendly quasit
 11835 | D:5      | XOM: polymorph scorpion -> hound
 11847 | D:5      | XOM: potion effect (brilliance)
 11855 | D:5      | Reached skill level 5 in Fighting
 11862 | D:5      | XOM: cast spell 'Summon Hydra'
 11884 | D:5      | Reached XP level 9. HP: 65/65 MP: 0/0
 11884 | D:5      | Learned a level 3 spell: Swiftness
 11925 | D:5      | Found Celiush's Distillery.
 11928 | D:5      | Bought a potion of haste for 140 gold pieces
 11928 | D:5      | Bought 2 potions of might for 112 gold pieces
 11928 | D:5      | Bought 2 potions of curing for 84 gold pieces
 12192 | D:5      | Found a burning altar of Makhleb.
 12192 | D:5      | Noticed a green death
 12243 | D:5      | Reached skill level 5 in Dodging
 12452 | D:6      | XOM: scenery: create altars
 12517 | D:6      | XOM: 3-stop teleportation journey
 12588 | D:6      | XOM: summons 2 friendly demons
 12700 | D:6      | XOM: summons friendly white imp
 12703 | D:6      | XOM: cast spell 'Alistair's Intoxication'
 12709 | D:6      | XOM: butterfly on damage
 12805 | D:6      | Reached skill level 5 in Long Blades
 12848 | D:6      | XOM: polymorph gnoll -> giant cockroach
 12891 | D:6      | XOM: destruction
 12894 | D:6      | XOM: scenery: create altars
 13041 | D:7      | Noticed Duvessa
 13041 | D:7      | Noticed Dowan
 13050 | D:7      | XOM: confuse monster(s)
 13056 | D:7      | Killed Duvessa
 13056 | D:7      | Killed Dowan
 13139 | D:7      | Found a staircase to the Ecumenical Temple.
 13284 | D:7      | Reached skill level 5 in Armour
 13288 | D:7      | Noticed Joseph
 13290 | D:7      | Paralysed by Joseph for 2 turns
 13295 | D:7      | Paralysed by Joseph for 5 turns
 13308 | D:7      | Killed Joseph
 13309 | D:7      | Reached skill level 6 in Dodging
 13309 | D:7      | Reached XP level 10. HP: 50/72 MP: 0/0
 13338 | D:7      | Found a blossoming altar of Fedhas.
 13457 | D:7      | XOM: 2-stop teleportation journey
 13470 | D:7      | XOM: 4-stop teleportation journey
 13527 | D:7      | Found a hazy altar of Hepliaklqana.
 13715 | D:7      | Found a shimmering altar of Xom.
 13805 | D:7      | XOM: 4-stop teleportation journey
 13830 | D:7      | Found Mufaep's Specific Store.
 13832 | D:7      | Found Zadejuoph's General Store.
 13843 | D:7      | Bought a scroll of identify for 26 gold pieces
 13920 | D:7      | Found an ornate altar of the Wu Jian Council.
 13979 | D:7      | Found a sacrificial altar of Ru.
 14012 | D:7      | Reached skill level 5 in Spellcasting
 14012 | D:7      | Reached skill level 5 in Conjurations
 14012 | D:7      | Reached skill level 5 in Hexes
 14012 | D:7      | Reached skill level 5 in Summonings
 14012 | D:7      | Reached skill level 5 in Necromancy
 14012 | D:7      | Reached skill level 5 in Translocations
 14012 | D:7      | Reached skill level 5 in Transmutations
 14012 | D:7      | Reached skill level 5 in Fire Magic
 14012 | D:7      | Reached skill level 5 in Ice Magic
 14012 | D:7      | Reached skill level 5 in Air Magic
 14012 | D:7      | Reached skill level 5 in Earth Magic
 14012 | D:7      | Reached skill level 5 in Poison Magic
 14083 | D:7      | XOM: scenery: 1 doors close
 14119 | D:8      | Noticed Grum
 14137 | D:8      | Killed Grum
 14138 | D:8      | Reached skill level 1 in Evocations
 14153 | D:8      | XOM: cleaving
 14157 | D:8      | Noticed Jeremiah
 14214 | D:8      | XOM: scenery: summon butterflies
 14217 | D:8      | XOM: fog
 14242 | D:8      | XOM: god gift: 29 gold pieces
 14393 | D:8      | XOM: divination: detect items
 14400 | D:8      | XOM: cast spell 'Dispersal'
 14408 | D:8      | Noticed Prince Ribbit
 14424 | D:8      | XOM: cleaving
 14431 | D:8      | Killed Prince Ribbit
 14498 | D:8      | Found a staircase to the Lair.
 14569 | D:8      | Reached skill level 5 in Shields
 14620 | D:8      | Noticed an elephant
 14628 | D:8      | XOM: cleaving
 14646 | D:8      | Killed an elephant
 14778 | D:8      | Killed Jeremiah
 14905 | D:8      | XOM: blink monster(s)
 15007 | D:8      | XOM: god gift: 20 gold pieces
 15108 | D:8      | Found a glowing silver altar of Zin.
 15148 | D:8      | Found a white marble altar of Elyvilon.
 15150 | D:8      | Found a hide-covered altar of Uskayaw.
 15150 | D:8      | Found an opulent altar of Gozag.
 15150 | D:8      | Found an iron altar of Okawaru.
 15155 | D:8      | Found a bloodstained altar of Trog.
 15288 | D:9      | XOM: summons 3 friendly demons
 15290 | D:9      | XOM: cleaving
 15293 | D:9      | Reached XP level 11. HP: 55/78 MP: 0/0
 15293 | D:9      | Learned a level 4 spell: Summon Ice Beast
 15322 | D:9      | Reached skill level 7 in Dodging
 15327 | D:9      | XOM: polymorph yak -> human
 15346 | D:9      | XOM: polymorph yak -> troll
 15351 | D:9      | XOM: divination: magic mapping
 15361 | D:9      | XOM: scenery: create altars
 15383 | D:9      | XOM: summons 2 friendly demons
 15473 | D:9      | Noticed a two-headed ogre
 15479 | D:9      | XOM: confuse monster(s)
 15501 | D:9      | XOM: enchant monster (good)
 15509 | D:9      | Killed a two-headed ogre
 15575 | D:9      | XOM: 3-stop teleportation journey
 15673 | D:9      | Noticed Maggie
 15692 | D:9      | Killed Maggie
 15696 | D:9      | XOM: 1-stop teleportation journey
 15726 | D:9      | Found a shadowy altar of Dithmenos.
 15871 | D:9      | Found a snail-covered altar of Cheibriados.
 15913 | D:9      | XOM: cast spell 'Chain of Chaos'
 15960 | D:9      | XOM: stat loss: -1 Int (12/13)
 16055 | D:9      | Found a broken altar of Ashenzari.
 16091 | D:9      | XOM: give mutation
 16091 | D:9      | Gained mutation: You have very sharp teeth. [Xom's grace]
 16097 | D:9      | Found a runed translucent gate.
 16097 | D:9      | Found a runed translucent gate.
 16098 | D:9      | Found a runed translucent gate.
 16101 | D:9      | Noticed DoNotCum's ghost (journeyman DECj)
 16230 | D:9      | Found a stormy altar of Qazlal.
 16489 | D:9      | XOM: summons 2 friendly demons
 16511 | D:9      | XOM: enchant monster (bad)
 16522 | D:9      | Killed DoNotCum's ghost
 16571 | D:9      | Identified the +0 pair of gloves of Suoplaa {*Slow rN+
                  | Str+2}
 16605 | D:10     | Entered Level 10 of the Dungeon
 16643 | D:10     | XOM: fog
 16658 | D:10     | XOM: summons 1 friendly demon
 16663 | D:10     | XOM: cleaving
 16664 | D:10     | Reached XP level 12. HP: 79/85 MP: 0/0
 16712 | D:10     | XOM: chaos cloud
 16744 | D:10     | XOM: cleaving
 16822 | D:10     | Reached skill level 8 in Dodging
 16942 | D:10     | XOM: polymorph acid dragon -> steam dragon
 17197 | D:10     | XOM: 4-stop teleportation journey
 17506 | Lair:1   | Entered Level 1 of the Lair of Beasts
 17513 | Lair:1   | XOM: destruction
 17534 | D:8      | XOM: summons 1 hostile shadow creature
 17556 | D:8      | XOM: smoke on damage
 17643 | Lair:1   | XOM: smoke on damage
 17669 | D:8      | XOM: swap monsters
 17679 | D:8      | XOM: cleaving
 17686 | D:8      | XOM: polymorph ice beast -> hornet
 17803 | D:8      | XOM: noise
 17857 | Lair:1   | Identified the +6 trident of Dowdy Integrity {heavy,
                  | Stlth+}
 17862 | Lair:1   | XOM: cloud trail
 17977 | Lair:1   | XOM: cast spell 'Summon Dragon'
 18141 | Lair:1   | XOM: divination: magic mapping
 18242 | Lair:1   | You are sucked into a shaft and drop 1 floor!
 18242 | Lair:2   | XOM: stealth player
 18376 | Lair:2   | Noticed Harold
 18384 | Lair:2   | XOM: enchant monster (good)
 18402 | Lair:2   | Killed Harold
 18405 | Lair:2   | XOM: scenery: create altars
 18410 | Lair:2   | XOM: cleaving
 18416 | Lair:2   | XOM: scenery: summon butterflies
 18422 | Lair:2   | XOM: confuse monster(s)
 18733 | Lair:1   | XOM: torment (50/88 hp)
 18857 | Lair:1   | XOM: 4-stop teleportation journey
 18860 | Lair:1   | XOM: polymorph yak -> jumping spider
 18976 | Lair:1   | Reached skill level 9 in Dodging
 18980 | Lair:1   | Reached XP level 13. HP: 93/93 MP: 0/0
 18980 | Lair:1   | Learned a level 5 spell: Iskenderun's Battlesphere
 19253 | Lair:2   | XOM: polymorph bullfrog -> ice beast
 19490 | Lair:2   | XOM: noise
 19497 | Lair:2   | Found a staircase to the Swamp.
 19759 | Lair:3   | Noticed a seven-headed hydra
 19787 | Lair:2   | Killed a seven-headed hydra
 19857 | Lair:3   | XOM: chaos cloud
 19867 | Lair:3   | Paralysed by you for 5 turns
 19870 | Lair:3   | Slain by a blink frog

Illustrated notes

Levels and vault maps discovered:
D:1:      saegor_arrival_under_anarchy, layout_basic,
          amcnicky_mini_corridor_feature, st_stairs_12
D:2:      layout_basic, minmay_pentomino_r4
D:3:      layout_rooms, serial_bayou, serial_bayou_lagoon_b,
          serial_bayou_ford_a, serial_bayou_crossing, serial_bayou_pond_d,
          st_stairs_2, amcnicky_mini_rare_corridor_liquid
D:4:      layout_loops_ring, grunt_temple_overflow_holy_war,
          nemelex_spade_bored_becter, uniq_pikel
D:5:      layout_loops_ring, makhleb_altar_promises_db, serial_shops,
          kennysheep_mini_moat, nicolae_shop_tiny_statue_garden,
          nicolae_ossuary_entry_plus, uniq_crazy_yiuf_cottage
D:6:      layout_rooms, minivault_23
D:7:      layout_loops_corners, fedhas_altar_2,
          nicolae_overflow_quartered_altars, minmay_temple_entry_nine_rooms,
          nicolae_specific_store, uniq_duvessa, uniq_joseph
D:8:      layout_loops_ring, minitemple, david_lair_generic,
          hangedman_abyss_or_decor_slice, uniq_jeremiah, uniq_prince_ribbit1,
          uniq_grum
D:9:      layout_basic, slow_altar_1, mainiacjoe_overflow_catwalk,
          nicolae_qazlal_scattered_showers,
          chequers_temple_overflow_statue_of_worship,
          biasface_ghost_orc_armoury, chequers_serial_rivers_large_b,
          uniq_maggie
D:10:     layout_loops_ring
Lair:1:   layout_cave_shapes, grunt_megastairs_2
Lair:2:   layout_loops_ring, mainiacjoe_swamp_entry_lozenge_pond,
          grunt_megastairs_5, infiniplex_staircase_pool, uniq_harold
Lair:3:   minmay_lair_oklob_tunnel, layout_chaotic_city,
          nicolae_spider_entry_non_spiders, grunt_megastairs_4

Skill      XL: |  1  2  3  4  5  6  7  8  9 10 11 12 13 |
---------------+----------------------------------------+-----
Long Blades    | 3 4 5 6 7 8 |  8.1
Spellcasting   | 1 2 3 4 5 6 7 8 |  8.1
Conjurations   | 1 2 3 4 5 6 7 8 |  8.1
Hexes          | 1 2 3 4 5 6 7 8 |  8.1
Summonings     | 1 2 3 4 5 6 7 8 |  8.1
Necromancy     | 1 2 3 4 5 6 7 8 |  8.1
Translocations | 1 2 3 4 5 6 7 8 |  8.1
Transmutations | 1 2 3 4 5 6 7 8 |  8.1
Fire Magic     | 1 2 3 4 5 6 7 8 |  8.1
Ice Magic      | 1 2 3 4 5 6 7 8 |  8.1
Air Magic      | 1 2 3 4 5 6 7 8 |  8.1
Earth Magic    | 1 2 3 4 5 6 7 8 |  8.1
Poison Magic   | 1 2 3 4 5 6 7 8 |  8.1
Armour         | 2 3 4 5 6 8 |  8.3
Dodging        | 3 4 6 7 9 |  9.4
Fighting       | 4 5 6 7 8 |  8.9
Shields        | 2 3 4 5 6 |  6.5
Evocations     | 2 4 |  4.4

Action                     |  1- 3 |  4- 6 |  7- 9 | 10-12 | 13-15 || total
---------------------------+-------+-------+-------+-------+-------++-------
  Melee: Falchion          |    99 |   184 |   344 |    14 |       ||   641
         Punch             |     2 |       |       |       |       ||     2
         Long sword        |       |       |       |   888 |   112 ||  1000
         Bite              |       |       |       |    80 |    12 ||    92
   Cast: Foxfire           |       |     1 |       |       |       ||     1
         Call Canine Famil |       |       |    10 |    11 |       ||    21
         Blink             |       |       |       |     2 |       ||     2
         Summon Ice Beast  |       |       |       |    30 |     4 ||    34
         Swiftness         |       |       |       |     2 |     1 ||     3
  Evoke: Wand              |       |       |       |     2 |     2 ||     4
    Use: Scroll            |     1 |     4 |     6 |     2 |       ||    13
         Potion            |       |       |       |     2 |       ||     2
   Stab: Petrified         |     1 |       |       |       |       ||     1
         Sleeping          |     2 |       |     1 |       |     1 ||     4
         Confused          |       |     1 |     2 |       |       ||     3
         Distracted        |       |       |     4 |     2 |       ||     6
         Paralysed         |       |       |     2 |    10 |       ||    12
 Armour: Leather armour    |    67 |   134 |   255 |   198 |       ||   654
         Acid dragon scale |       |       |       |   353 |   100 ||   453
  Dodge: Dodged            |    78 |   134 |   287 |   636 |    90 ||  1225
  Block: Buckler           |       |    11 |   109 |   260 |    23 ||   403

Table legend: (Time is in decaauts)
 A = Elapsed time spent in this place.
 B = Non-inter-level travel time spent in this place.
 C = Inter-level travel time spent in this place.
 D = Time resting spent in this place.
 E = Time spent auto-exploring this place.
 F = Levels seen in this place.
 G = Mean time per level.
                   A        B        C        D        E       F      G
               +--------+--------+--------+--------+--------+-----+--------+
         Total |  20070 |  19682 |    388 |   9072 |   7170 |  14 | 1433.6 |
       Dungeon |  17743 |  17392 |    351 |   8961 |   5741 |  10 | 1774.3 |
          Lair |   2087 |   2051 |     36 |    111 |   1319 |   3 |  695.7 |
       Ossuary |    239 |    239 |      0 |      0 |    110 |   1 |  239.0 |
               +--------+--------+--------+--------+--------+-----+--------+

Top non-repeatable levels by time:
     D:1: 8993 daAuts
     D:9: 1437 daAuts
     D:8: 1307 daAuts
     D:7: 1274 daAuts
  Lair:2: 1123 daAuts
  Lair:1: 930 daAuts
     D:4: 900 daAuts
     D:5: 890 daAuts
     D:2: 847 daAuts
    D:10: 837 daAuts
     D:3: 690 daAuts
     D:6: 563 daAuts
 Ossuary: 239 daAuts
  Lair:3: 34 daAuts
